 Dungeon Crawl Stone Soup version 0.22-a0-274-gf8199ec (webtiles) character file.

20043 ololoev the Grappler (level 12, -17/100 HPs)
             Began as a Naga Transmuter on Mar 13, 2018.
             Was an Elder of Hepliaklqana.
             Killed from afar by an orc sorcerer (28 damage)
             ... with a bolt of fire
             ... on level 2 of the Orcish Mines.
             The game lasted 01:33:11 (16275 turns).

ololoev the Grappler (Naga Transmuter)             Turns: 16275, Time: 01:33:11

Health: -17/100    AC: 17    Str: 14    XL:     12   Next: 75%
Magic:  7/23       EV:  9    Int: 23    God:    Hepliaklqana [****..]
Gold:   1084       SH:  4    Dex: 11    Spells: 6/26 levels left

rFire    . . .     SeeInvis +     - Unarmed
rCold    . . .     Gourm    .   (no shield)
rNeg     + . .     Faith    .   A - +6 scale mail of Nobility {Regen+}
rPois    +         Spirit   .   (no helmet)
rElec    .         Reflect  +   t - +1 cloak {MR+}
rCorr    .         Harm     .   g - +0 pair of gloves
MR       ++...                  (no barding)
Stlth    ..........             y - +4 amulet of reflection
HPRegen  0.66/turn              q - +5 ring of intelligence
MPRegen  0.18/turn              v - ring of positive energy

@: very slightly contaminated, drained, very slow
A: large, reduced essence, see invisible, deformed body, poison resistance,
slowness 2, slow metabolism 1, spit poison 1, AC +4
a: Spit Poison, Recall Ancestor, Ancestor Identity, Transference, Idealise,
Renounce Religion


Innate Abilities, Weirdness & Mutations

You cannot wear boots.
Your serpentine skin is tough. (AC +4)
You have supernaturally acute eyesight. (SInv)
Armour fits poorly on your strangely shaped body.
Your system is resistant to poisons. (rPois)
You cover ground very slowly.
You have a slow metabolism.
You can spit poison.
Your life essence is reduced to manifest your ancestor. (-10% HP)

Inventory:

Missiles
 a - 103 arrows
Armour
 f - a +2 robe of resistance
 g - a +0 pair of gloves (worn)
 t - a +1 cloak of magic resistance (worn)
 A - the +6 scale mail of Nobility (worn) {Regen+}
   (You found it on level 11 of the Dungeon)

   It increases your rate of regeneration.
Jewellery
 q - a +5 ring of intelligence (left hand)
 u - an uncursed ring of protection from fire
 v - a ring of positive energy (right hand)
 y - a +4 amulet of reflection (around neck)
Wands
 w - a wand of random effects (18)
 D - a wand of disintegration (3)
Scrolls
 k - 2 scrolls of immolation
 n - 7 scrolls of remove curse
 p - 2 scrolls of magic mapping
 r - 3 scrolls of amnesia
 s - a scroll of enchant armour
Potions
 e - 2 potions of flight
 m - a potion of cancellation
Miscellaneous
 c - a phantom mirror
Comestibles
 b - 9 chunks of flesh
 d - 18 rations


   Skills:
 + Level 8.3(7.7) Fighting
 + Level 3.6(3.0) Armour
 + Level 7.2(6.6) Dodging
 + Level 9.0(8.3) Unarmed Combat
 + Level 7.9(7.3) Spellcasting
 - Level 6.0(5.3) Conjurations
 - Level 2.0(1.5) Translocations
 + Level 8.7(8.0) Transmutations
 - Level 2.0(1.4) Air Magic
 - Level 3.0(2.4) Earth Magic
 - Level 3.3(2.7) Poison Magic


You had 6 spell levels left.
You knew the following spells:

 Your Spells              Type           Power        Failure   Level  Hunger
a - Blade Hands           Tmut           #####.....   30%         5    #####..
b - Sticks to Snakes      Tmut           #####...     1%          2    None
c - Spider Form           Tmut/Pois      ####......   10%         3    None
d - Mephitic Cloud        Conj/Pois/Air  ###.....     24%         3    None
e - Conjure Flame         Conj/Fire      ###.....     30%         3    None
k - Blink                 Tloc           N/A          24%         2    None
w - Passwall              Tmut/Erth      ####......   5%          2    None


You were on level 2 of the Orcish Mines.
You worshipped Hepliaklqana.
Hepliaklqana was greatly pleased with you.
You were not hungry.

You visited 3 branches of the dungeon, and saw 15 of its levels.
You also visited: Ossuary.

You collected 1504 gold pieces.
You spent 420 gold pieces at shops.

### ####∩#### ##≈§≈.≈≈§##
##§≈§....≈≈##
##§≈..@8...≈≈##
#§§.8.§§≈.8.≈≈#
#≈..o≈§§≈≈...≈#
##≈..≈≈..)≈≈..≈##
#∩..8S.S_.oS8..8#
##≈o.§§...R≈S§≈#*
#≈.§.≈§§≈≈S..≈#
#####§..8.§≈≈†8..§#####
##§§≈##.....8.....##≈≈§#*

Notes
Turn   | Place    | Note
-------+----------+-------------------------------------------
     0 | D:1      | ololoev the Naga Transmuter began the quest for the Orb.
     0 | D:1      | Reached XP level 1. HP: 18/18 MP: 3/3
   230 | D:1      | Reached XP level 2. HP: 25/25 MP: 5/5
   317 | D:1      | Learned a level 2 spell: Sticks to Snakes
  1073 | D:2      | Found a blossoming altar of Fedhas.
  1093 | D:2      | Reached XP level 3. HP: 31/31 MP: 6/6
  1098 | D:2      | Learned a level 3 spell: Spider Form
  1621 | D:2      | Found an ancient bone altar of Kikubaaqudgha.
  2069 | D:3      | Reached XP level 4. HP: 29/39 MP: 5/7
  2221 | D:3      | Reached skill level 1 in Poison Magic
  2225 | D:3      | Reached XP level 5. HP: 20/45 MP: 4/8
  2391 | D:3      | Learned a level 3 spell: Mephitic Cloud
  2835 | D:4      | Found a burning altar of Makhleb.
  2978 | D:4      | Noticed an ogre
  2997 | D:4      | Killed an ogre
  2997 | D:4      | Reached XP level 6. HP: 38/55 MP: 4/10
  3121 | D:4      | Found a sand-covered staircase.
  3127 | Ossuary  | Entered an ossuary
  3560 | Ossuary  | Noticed Menkaure
  3567 | Ossuary  | DEFE: the Ruffian
  3567 | Ossuary  | ololoev: hi defir
  3569 | Ossuary  | DEFE: hello
  3573 | Ossuary  | Killed Menkaure
  3583 | Ossuary  | DEFE: в чем профит бить мумий в пауке?
  3618 | Ossuary  | Goblin1989: yfdthyjt xnj,s e,t;fnm ecgtnm
  3618 | Ossuary  | ololoev: быстро набижать на торментящего менкаурия
  3618 | Ossuary  | Goblin1989: наверное чтобы убежать успеть
  3618 | Ossuary  | ololoev: убегать необязательно, есть змейки за которых можно спрятаться
  3618 | Ossuary  | Goblin1989: а, наоборот значит
  3786 | Ossuary  | Goblin1989: !lg ololoev
  3788 | D:4      | DEFE: змейки тема
  3788 | D:4      | beem: 3308. ololoev the Honourless (L27 HOAs of The Shining One), escaped with the Orb and 13 runes on 2018-03-07 14:35:46, with 15718438 points after 74227 turns and 6:10:19.
  3788 | D:4      | DEFE: топ саммон
  3795 | D:4      | DEFE: на лоу левелах
  3878 | D:4      | ololoev: такс
  3878 | D:4      | ololoev: вдвоем это уже не круто
  3878 | D:4      | Goblin1989: !lg . cehu -log
  3879 | D:4      | DEFE: ну стрел много?
  3880 | D:4      | beem: 21. Goblin1989, XL27 CeHu, T:82155: https://crawl.xtahua.com/crawl/morgue/Goblin1989/morgue-Goblin1989-20180310-020606.txt
  3882 | D:4      | ololoev: черт
  3882 | D:4      | DEFE: с конфузом
  3882 | D:4      | Goblin1989: !lg . cehu
  3882 | D:4      | ololoev: паука скастовал
  3882 | D:4      | beem: 21. Goblin1989 the Merry Centaur (L27 CeHu of Okawaru), slain by a death cob on Zot:5 on 2018-03-10 02:06:06, with 659157 points after 82155 turns and 4:52:25.
  3882 | D:4      | ololoev: лол
  3882 | D:4      | ololoev: новые спеллы, не привык что на что назначено
  3919 | D:4      | DEFE: зватит
  3921 | D:4      | DEFE: бегать
  3921 | D:4      | DEFE: с 1.4
  3923 | D:4      | DEFE: читай что-нибудь
  3927 | D:4      | DEFE: теде там или фир
  3928 | D:4      | ololoev: паук короткий какой-то
  4039 | D:4      | Found an iron altar of Okawaru.
  4040 | D:4      | DEFE: он от спеллповера зависит
  4099 | D:4      | DEFE: как и все тмуты
  4160 | D:4      | Found a sparkling altar of Nemelex Xobeh.
  4248 | D:4      | Reached skill level 4 in Unarmed Combat
  4249 | D:4      | Goblin1989: какого бога брать будешь, окавару?
  4251 | D:4      | ololoev: chei ofc!
  4322 | D:4      | Reached XP level 7. HP: 61/61 MP: 11/11
  4666 | D:5      | Entered Level 5 of the Dungeon
  4686 | D:5      | Goblin1989: фи
  4735 | D:5      | DEFE: Казуал, ты загрифил лалиева что ли?
  4742 | D:5      | DEFE: >сруш
  4743 | D:5      | DEFE: >chei
  4755 | D:5      | Reached skill level 1 in Conjurations
  4786 | D:5      | ololoev: чеи для наги самое то
  4786 | D:5      | Goblin1989: я бы взял окавару наверное, или гозага
  4786 | D:5      | ololoev: пити быстро набирается
  4786 | D:5      | DEFE: так и окувару для наги самое то
  4786 | D:5      | ololoev: можно слаучить до посинения
  4786 | D:5      | Goblin1989: или первого попавшегося
  4786 | D:5      | ololoev: у окавару нет шаттера
  4786 | D:5      | ololoev: у чеи есть
  4795 | D:5      | DEFE: чеи кстати на любом набирает пиети моментально
  4799 | D:5      | Goblin1989: файнес - наше все!
  4800 | D:5      | DEFE: даже на сприггане
  4807 | D:5      | ololoev: внимание вопрос
  4807 | D:5      | ololoev: что за дебил догадался поставить лестницу у озера
  4807 | D:5      | ololoev: *дверь
  4817 | D:5      | DEFE: мост хотел построить
  4832 | D:5      | DEFE: а тут пришел ты
  5119 | D:5      | DEFE: шаттер опять же особо не нужен
  5119 | D:5      | Goblin1989: ответ - генератор уровня. :)
  5122 | D:5      | Learned a level 2 spell: Blink
  5123 | D:5      | DEFE: если только ты не собрался зиги чкамить
  5123 | D:5      | DEFE: у тебя же и так слоуч
  5123 | D:5      | ololoev: так слоуч это и есть шаттер
  5123 | D:5      | ololoev: только появляется раньше и действует на всех
  5174 | D:5      | DEFE: шаттер сильно баффнули
  5189 | D:5      | DEFE: он теперь тоже на всех
  5195 | D:5      | ololoev: но он все равно с уменьшением действует
  5215 | D:5      | DEFE: Ну теперь если шторм не нашел, то шаттер проходит тебе экстенд без проблем
  5226 | D:5      | ololoev: ну хз, у меня так демонспаун умер
  5226 | D:5      | ololoev: !lg . place=v:5
  5226 | D:5      | beem: 9. ololoev the Metallomancer (L23 DsEE of Vehumet), hit from afar by a stone giant (large rock) on Vaults:5 (vaults_vault) on 2018-02-09 08:49:40, with 490550 points after 78388 turns and 5:01:28.
  5267 | D:5      | DEFE: надо было инвиз пить
  5272 | D:5      | DEFE: что бы камнем не получить
  5415 | D:5      | DEFE: -10 точонсти для стрелков
  5985 | D:6      | Reached skill level 1 in Translocations
  5985 | D:6      | Reached skill level 1 in Air Magic
  5985 | D:6      | Reached XP level 8. HP: 69/69 MP: 4/13
  6020 | D:6      | DEFE: так я не понял
  6029 | D:6      | DEFE: паук не меняет количество хп что ли
  6031 | D:6      | ololoev: нет
  6047 | D:6      | DEFE: вот те на
  6116 | D:6      | DEFE: всю жизнь думал что меняет
  6118 | D:6      | Found a staircase to the Ecumenical Temple.
  6119 | D:6      | ololoev: вот это поворот
  6119 | D:6      | DEFE: змеи
  6119 | D:6      | ololoev: пойду-ка я наверх
  6119 | D:6      | ololoev: да не помогут
  6119 | D:6      | ololoev: @??wyvern
  6119 | D:6      | DEFE: да иди наверх
  6119 | D:6      | DEFE: по одному потом добьеш
  6119 | D:6      | DEFE: змеями
  6189 | Temple   | Entered the Ecumenical Temple
  6374 | Temple   | ololoev: такс
  6374 | Temple   | DEFE: лол
  6374 | Temple   | ololoev: чей ушел
  6374 | Temple   | DEFE: ну гозаг
  6374 | Temple   | ololoev: я так сейчас квазлала возьму
  6374 | Temple   | DEFE: хеплу бери
  6374 | Temple   | ololoev: конечно нага квазлала это не очень
  6374 | Temple   | DEFE: ты же хотел
  6374 | Temple   | DEFE: затестить
  6374 | Temple   | ololoev: о, тоже омжно
  6374 | Temple   | ololoev: попробую хексера его
  6385 | Temple   | Became a worshipper of Hepliaklqana the Forgotten
  6435 | D:6      | DEFE: можно трансгендером сделать
  6472 | D:6      | DEFE: лрд может пригодиться
  6472 | D:6      | DEFE: ломать вольты с порталом
  6472 | D:6      | ololoev: не скоро
  6472 | D:6      | ololoev: если понадобится - выучу потом
  6475 | D:6      | Learned a level 2 spell: Passwall
  6475 | D:6      | ololoev: а вот пассвол очень даже может
  6475 | D:6      | ololoev: свалить от кого-нибудь
  6491 | D:6      | DEFE: а если повера не хватает свалить
  6502 | D:6      | Noticed Grinder
  6503 | D:6      | DEFE: ты тратишь ход?
  6503 | D:6      | ololoev: не помню, нет вроде
  6504 | D:6      | DEFE: лол
  6508 | D:6      | DEFE: сколько всего включено
  6517 | D:6      | Killed Grinder
  6534 | D:6      | DEFE: Паулюс насыпал
  6534 | D:6      | ololoev: там понемногу
  6534 | D:6      | ololoev: до 2-3 лвла
  6740 | D:6      | Reached skill level 1 in Earth Magic
  7006 | D:6      | DEFE: ??hepl hexer
  7007 | D:6      | beem: I don't have a page labeled hepl_hexer in my learndb.
  7012 | D:6      | DEFE: ??hepl
  7012 | D:6      | beem: hepliaklqana[1/4]: God of ancestral memory. Grants a powerful, customizable permanent ancestor, which will be automatically revived if slain (after a few dozen turns). Likes exploration. 0*: ally & recall, 2*: {Remember Life}, 3*: {Transference}, 4*: {Idealise}, 5*: Transference-drain
  7140 | D:3      | DEFE: ??ancestor
  7140 | D:3      | beem: ancestor[1/6]: A permanent companion granted by {Hepliaklqana}. Scales with the player's XL. Can be specialized into one of three types: Knight ([3]), Battlemage ([4]), or Hexer ([5]).
  7140 | D:3      | ololoev: так, за что хепл дает пити?
  7140 | D:3      | DEFE: ??ancestor[5
  7140 | D:3      | beem: ancestor[5/6]: Hexer: support companion. Starts with a dagger, Slow, and Confuse. XL 15: Slow -> Paralyse. XL 19: Replace Confuse with Mass Confusion and Haste. XL 24: dagger replaced by antimagic quickblade.
  7140 | D:3      | DEFE: вроде просто так
  7140 | D:3      | ololoev: ??hepl[2
  7140 | D:3      | beem: hepliaklqana[2/4]: https://crawl.develz.org/wiki/doku.php?id=dcss:brainstorm:god:propose:ally_god
  7140 | D:3      | ololoev: ??hepl[3
  7140 | D:3      | beem: hepliaklqana[3/4]: new plan: don't let Grunt name any more gods ftr it's "hep lee ack ull can ah" I look forward to people being confused about it
  7140 | D:3      | DEFE: за открытие карты
  7140 | D:3      | ololoev: ??hepl[4
  7140 | D:3      | DEFE: как аш
  7140 | D:3      | beem: hepliaklqana[4/4]: How many cats did it take to name this one?
  7177 | D:3      | Noticed Karim's ghost (amateur SpFi)
  7177 | D:3      | DEFE: XL 19: Replace Confuse with Mass Confusion and Haste.
  7190 | D:3      | Killed Karim's ghost
  7299 | D:3      | Found a basalt altar of Yredelemnul.
  7471 | D:3      | Reached skill level 5 in Unarmed Combat
  7491 | D:3      | Reached XP level 9. HP: 56/70 MP: 15/15
  7677 | D:3      | Reached skill level 5 in Transmutations
  7761 | D:3      | DEFE: две звездны надо
  7762 | D:3      | DEFE: что бы выбрать класс
  8107 | D:7      | Got a steaming ring mail
  8113 | D:7      | Identified the +5 ring mail of Untruth {*Drain rPois Str+2} (You found it on level 7 of the Dungeon)
  8215 | D:7      | Reached * piety under Hepliaklqana
  8470 | D:7      | Found a snail-covered altar of Cheibriados.
  8626 | D:7      | Found a runed door.
  8630 | D:7      | Noticed Crazy Yiuf
  8637 | D:7      | Killed Crazy Yiuf
  8776 | D:7      | ololoev: ??statue form
  8776 | D:7      | beem: statue form[1/2]: Grants 17 + pow/10 AC, +30% HP, +2 Str, -2 Dex. Makes you take 50% more time to take any action, like the slow spell. Melds gloves, boots, bardings, and body armour. Provides rElec, rN+, 50% rTorm, rRot+, and poison immunity. 12 + unarmed_skill base unarmed damage and 50% bonus on all melee. Gargoyles can't cast this spell.
  8822 | D:8      | DEFE: недурное
  8822 | D:8      | DEFE: колечко
  8822 | D:8      | ololoev: поумнел однако
  8835 | D:8      | ololoev: пассвол отрастил немного
  8873 | D:8      | DEFE: о первую звезду дали уже
  9165 | D:8      | Noticed Erica
  9166 | D:8      | DEFE: Эрика
  9176 | D:8      | Noticed a two-headed ogre
  9184 | D:8      | Killed Erica
  9184 | D:8      | Reached skill level 5 in Fighting
  9184 | D:8      | Reached skill level 6 in Unarmed Combat
  9184 | D:8      | Reached skill level 5 in Spellcasting
  9184 | D:8      | Reached XP level 10. HP: 75/79 MP: 3/17
  9198 | D:8      | Killed a two-headed ogre
  9198 | D:8      | Reached skill level 5 in Dodging
  9543 | D:9      | Reached ** piety under Hepliaklqana
  9545 | D:9      | Remembered your ancestor Paullus as a hexer
  9634 | D:9      | Found a radiant altar of Vehumet.
  9729 | D:9      | Reached skill level 5 in Conjurations
  9960 | D:9      | Learned a level 5 spell: Blade Hands
 10268 | D:9      | Found a shadowy altar of Dithmenos.
 10408 | D:9      | Found an ornate altar of the Wu Jian Council.
 10696 | D:10     | Entered Level 10 of the Dungeon
 10749 | D:10     | Reached skill level 7 in Unarmed Combat
 10903 | D:10     | Reached XP level 11. HP: 86/87 MP: 20/20
 11137 | D:10     | Noticed Amnesiac's ghost (novice DDFi)
 11158 | D:10     | Killed Amnesiac's ghost
 11220 | D:10     | Learned a level 3 spell: Conjure Flame
 11385 | D:10     | Reached *** piety under Hepliaklqana
 11584 | D:10     | Found a staircase to the Orcish Mines.
 11918 | D:11     | Got a dazzling scale mail
 12097 | D:11     | Noticed a cyclops
 12112 | D:11     | DEFE: ,kbyr
 12113 | D:11     | DEFE: blink
 12518 | D:11     | Found a staircase to the Lair.
 12739 | D:11     | Reached **** piety under Hepliaklqana
 12760 | D:11     | Identified the +6 scale mail of Nobility {Regen+} (You found it on level 11 of the Dungeon)
 12895 | Orc:1    | Entered Level 1 of the Orcish Mines
 12904 | Orc:1    | Noticed an orc sorcerer
 12930 | Orc:1    | Killed an orc sorcerer
 12984 | Orc:1    | Found a roughly hewn altar of Beogh.
 13191 | Orc:1    | You fall through a shaft!
 13191 | Orc:2    | Entered Level 2 of the Orcish Mines
 13200 | Orc:2    | Noticed Nessos
 13203 | Orc:2    | Noticed an orc sorcerer
 13203 | Orc:2    | Noticed an ogre mage
 13208 | Orc:2    | Noticed Sonja
 13209 | Orc:2    | ololoev: вот я удачно провалился
 13233 | Orc:2    | Found an ancient bone altar of Kikubaaqudgha.
 13233 | Orc:2    | Found Rouzaps's Book Boutique.
 13233 | Orc:2    | Noticed an orc sorcerer
 13233 | Orc:2    | Noticed an orc sorcerer
 13237 | Orc:2    | Found a staircase to the Elven Halls.
 13238 | Orc:2    | Noticed a two-headed ogre
 13246 | Orc:2    | Noticed a sun demon
 13246 | Orc:2    | Killed a two-headed ogre
 13246 | Orc:2    | Reached skill level 1 in Armour
 13249 | Orc:2    | Killed an orc sorcerer
 13324 | Orc:1    | HP: 2/90 [warg (8)]
 13457 | Orc:1    | ololoev: ох чертовы орки
 13485 | Orc:1    | Noticed a two-headed ogre
 13492 | Orc:1    | Killed a two-headed ogre
 13593 | Orc:1    | Noticed Josephine
 13613 | Orc:1    | Killed Josephine
 13613 | Orc:1    | Reached skill level 8 in Unarmed Combat
 13784 | Orc:1    | ololoev: ну все
 13784 | Orc:1    | ololoev: приехали
 13784 | Orc:1    | ololoev: телеков больше нет
 13784 | Orc:1    | ololoev: я застрял в орках
 13903 | Orc:2    | Noticed an orc warlord
 14097 | Orc:1    | Killed an orc warlord
 14097 | Orc:1    | Reached XP level 12. HP: 99/99 MP: 1/23
 14256 | Orc:1    | Killed Nessos
 14495 | Orc:2    | Killed Sonja
 14697 | Orc:2    | Killed an ogre mage
 14834 | Orc:2    | Noticed a sun demon
 14856 | Orc:2    | Paralysed by an orc sorcerer for 2 turns
 14887 | Orc:1    | ololoev: ох лол что ж творится то!
 15803 | Orc:2    | DEFE: а что было
 15803 | Orc:2    | ololoev: да я тут раз пять чуть не помер
 15803 | Orc:2    | ololoev: сначала провалился
 15803 | Orc:2    | ololoev: еле выбрался, оказалось в другой отдел орков:1
 15803 | Orc:2    | ololoev: вниз не хотел идти, сожрал 2 телека - не помогло
 15803 | Orc:2    | ololoev: через низ потихоньку начал пробираться
 15803 | Orc:2    | ololoev: вроде все ок, решил почистить орков дальше
 15803 | Orc:2    | ololoev: тут вдруг сорцереры налетели, саммонов назвали
 15803 | Orc:2    | ololoev: еле свалил на 6ХП
 15803 | Orc:2    | DEFE: лол
 15803 | Orc:2    | ololoev: на рандомблинках
 15803 | Orc:2    | DEFE: а что ты в орки-тоползе
 15803 | Orc:2    | ololoev: сейчас их по одному вылавливаю
 15819 | Orc:2    | DEFE: леер же попроще будет наге
 15822 | Orc:2    | ololoev: ну хз
 15822 | Orc:2    | ololoev: там гидра попадется и что я с ней делать буду?
 15832 | Orc:2    | DEFE: гидру палкой
 15835 | Orc:2    | DEFE: ну и у тебя пауан
 15835 | Orc:2    | DEFE: захексит ее
 15835 | Orc:2    | ololoev: нет палки
 15835 | Orc:2    | DEFE: Паулюс твой
 15835 | Orc:2    | DEFE: конфуз кидает
 15835 | Orc:2    | ololoev: а если он умрет раньше
 15835 | Orc:2    | ololoev: телеков нет
 15835 | Orc:2    | ololoev: блинков нет
 15835 | Orc:2    | ololoev: хв/куринга нет
 15835 | Orc:2    | DEFE: ну это сейчас нет
 15835 | Orc:2    | DEFE: так-то были
 15835 | Orc:2    | ololoev: я тут хотя-бы всех меитиком могу закидать
 15836 | Orc:2    | ololoev: так не стало после того как я выбирался из шафта
 15836 | Orc:2    | ololoev: по мне так лучше уж орков дочистить и взять лут
 15839 | Orc:2    | DEFE: а айсформу завезли?
 15845 | Orc:2    | ololoev: да
 15872 | Orc:2    | DEFE: леер хорошо в ней проходится
 15874 | Orc:2    | Found Pehec's Gadget Boutique.
 15879 | Orc:2    | DEFE: ка крз взяких гидр бить
 15892 | Orc:2    | DEFE: а лол
 15894 | Orc:2    | Noticed Erolcha
 15895 | Orc:2    | DEFE: так ты упал прямо туда
 15895 | Orc:2    | DEFE: к сорцерам
 15895 | Orc:2    | ololoev: почти
 15895 | Orc:2    | ololoev: я упал в не менее хреновое место, телек отправил меня к сорцерерам
 15895 | Orc:2    | ololoev: так, что тут у нас
 15895 | Orc:2    | ololoev: а, это эролча
 15895 | Orc:2    | ololoev: ну это норм
 15895 | Orc:2    | DEFE: баниш
 15895 | Orc:2    | DEFE: наканец-та
 15895 | Orc:2    | ololoev: я уже замочил некротелку и соню с дистортом
 15895 | Orc:2    | ololoev: соня даже меня один раз ударила
 15895 | Orc:2    | ololoev: блинк был слава богу
 15895 | Orc:2    | ololoev: 4%
 15895 | Orc:2    | ololoev: MR то завезли!
 15895 | Orc:2    | DEFE: не серьезно
 15898 | Orc:2    | DEFE: хотя всякое бывает
 15901 | Orc:2    | DEFE: меня и на 2% отправляли и на 1%
 15902 | Orc:2    | Killed Erolcha
 15903 | Orc:2    | DEFE: утонула
 15903 | Orc:2    | ololoev: погорела эролча
 15903 | Orc:2    | ololoev: теперь бы сорцерер говна не напризывал
 15905 | Orc:2    | ololoev: а, он туда же
 15944 | Orc:2    | DEFE: все же надо быть ненормальными что бы строить креопсть с кучей лавы внутри
 15946 | Orc:2    | DEFE: хоть бы перила делали
 15966 | Orc:2    | Bought a phantom mirror for 420 gold pieces
 15966 | Orc:2    | DEFE: лампа же
 15966 | Orc:2    | DEFE: круче
 15966 | Orc:2    | ololoev: оркоцарь сказал хотет барбекю на завтрак обед ужин
 15966 | Orc:2    | DEFE: и многоразова
 15966 | Orc:2    | ololoev: и косая
 15966 | Orc:2    | ololoev: у меня конжур флейм есть всяких гидр жарить
 15979 | Orc:2    | Reached skill level 9 in Unarmed Combat
 16188 | Orc:2    | Found a radiant altar of Vehumet.
 16255 | Orc:2    | Found a roughly hewn altar of Beogh.
 16259 | Orc:2    | Noticed a sun demon
 16267 | Orc:2    | ololoev: черт
 16268 | Orc:2    | DEFE: а че
 16269 | Orc:2    | Found Ijok's Antique Weapon Shop.
 16269 | Orc:2    | Found Nilypp's Magic Scroll Shop.
 16271 | Orc:2    | DEFE: есть че выпить?
 16272 | Orc:2    | ololoev: нет)
 16272 | Orc:2    | DEFE: амброзия
 16272 | Orc:2    | DEFE: там
 16272 | Orc:2    | ololoev: вообще ничего
 16274 | Orc:2    | DEFE: а туман
 16275 | Orc:2    | Killed from afar by an orc sorcerer

Dungeon Overview and Level Annotations

Branches:
Dungeon (12/15)            Temple (1/1) D:6            Lair (0/6) D:11
    Orc (2/2) D:10            Elf (0/3) Orc:2

Altars:
Ashenzari
Cheibriados
Dithmenos
Elyvilon
Fedhas
Gozag
Hepliaklqana
Kikubaaqudgha
Makhleb
Nemelex Xobeh
Okawaru
Qazlal
Ru
Sif Muna
Trog
Uskayaw
Vehumet
Wu Jian
Xom
Yredelemnul
Zin
The Shining One
Beogh

Shops:
Orc:2 (}?:


Message History

The orc wizard gestures at you while chanting.
The puff of flame hits you!
Your water moccasin bites the ogre.
Paullus barely misses the chaos spawn.
Your adder bites the ogre but does no damage.
Found Ijok's Antique Weapon Shop and Nilypp's Magic Scroll Shop.
Unknown command.
Casting: Blink (safe; 26% risk of failure)
Confirm with . or Enter, or press ? or * to list all spells.
You create a snake!
You now have 105 arrows.
The sun demon disappears in a puff of smoke!
Your water moccasin bites the ogre.
The ogre is poisoned.
Your water moccasin poisons the ogre!
The ogre hits your ball python with a giant spiked club!
Your ball python dies!
The orc wizard hits you but does no damage.
Your adder closely misses the orc sorcerer.
Your adder bites the ogre.
The ogre looks as sick as possible!
Your adder poisons the ogre!
The orc wizard looks encouraged for a moment.
Paullus hits the chaos spawn but does no damage.
Unknown command.
Unknown command.
You swap places.
Your water moccasin bites the ogre.
The ogre looks as sick as possible!
Your water moccasin poisons the ogre!
The orc wizard misses your adder.
The orc wizard gestures at you while chanting.
The puff of flame reflects off an invisible shield around you!
The puff of flame hits the orc wizard.
Your adder bites the ogre.
The ogre looks as sick as possible!
Your adder poisons the ogre!
Your adder closely misses the orc wizard.
The chaos spawn closely misses Paullus.
Your water moccasin bites the ogre.
The ogre closely misses your water moccasin.
Paullus misses the chaos spawn.
The orc wizard casts a spell.
The orc wizard blinks!
Your adder misses the orc sorcerer.
Your adder barely misses the ogre.
You block the orc wizard's attack.
Casting: Sticks to Snakes (safe; 1% risk of failure)
Confirm with . or Enter, or press ? or * to list all spells.
You create 2 snakes!
You now have 103 arrows.
Your water moccasin bites the ogre!
The ogre dies!
The chaos spawn barely misses Paullus.
Paullus barely misses the chaos spawn.
Your adder bites the orc sorcerer but does no damage.
Your water moccasin misses the orc sorcerer.
The orc wizard hits you but does no damage.
Unknown command.
Unknown command.
The chaos spawn degenerates into a cloud of primal chaos!
Your adder barely misses the orc sorcerer.
Your water moccasin bites the orc sorcerer but does no damage.
The orc wizard barely misses your adder.
Your adder bites the orc wizard.
The orc wizard hits your adder with a dagger.
The orc wizard gestures wildly while chanting.
The orc wizard blinks!
Unknown command.
The orc wizard barely misses your adder.
Your adder bites the orc wizard but does no damage.
Your adder bites the orc wizard.
Your adder closely misses the orc sorcerer.
The orc wizard hits your adder with a dagger.
Your adder barely misses the orc wizard.
The orc wizard hits your adder with a dagger.
The orc sorcerer gestures at you while chanting.
The bolt of fire hits you!
Your adder misses the orc wizard.
Your adder bites the orc wizard but does no damage.
Your adder completely misses the orc sorcerer.
The orc wizard hits your adder with a dagger.
The orc wizard gestures at you while chanting.
The orc wizard resists with some effort.
Unknown command.
Your adder barely misses the orc wizard.
Your adder bites the orc wizard but does no damage.
The orc wizard hits your adder with a dagger.
Your adder dies!
The orc sorcerer casts a spell at you.
The bolt of fire hits the orc wizard.
The orc wizard dies!
The bolt of fire hits you!
You die...

You could see the friendly Paullus the hexer, an orc sorcerer, 2 orc wizards, a friendly water moccasin and 3 friendly adders.

Vanquished Creatures
  Nessos (Orc:1)
  An orc warlord (Orc:1)
  Erolcha (Orc:2)
  Erica (D:8)
  The ghost of Amnesiac the Fanfare of Bloodshed, a novice DDFi of Makhleb (D:10)
  2 two-headed ogres
  3 orc sorcerers (Orc:2)
  A troll (Orc:1)
  3 hippogriffs
  3 wraiths (Orc:1)
  12 yaks
  A hungry ghost (D:9)
  A warg (Orc:1)
  The ghost of Karim the Ducker, an amateur SpFi (D:3)
  An ice beast (D:10)
  A sky beast (D:5)
  5 orc warriors
  3 ogres
  2 centaurs (D:5)
  4 wolves (D:11)
  5 big kobolds (D:3)
  4 bullfrogs
  A wyvern zombie (D:6)
  A wyvern skeleton (D:6)
  3 scorpions
  6 wights
  A howler monkey (D:5)
  An electric eel (D:8)
  3 crimson imps
  A lava snake (D:7)
  2 jellies
  4 hounds
  Crazy Yiuf (D:7)
  8 orc priests
  An iguana (D:5)
  A hexer (Orc:1)
  11 orc wizards
  3 worker ants
  A hound skeleton (D:5)
  A mummy (Ossuary)
  3 gnolls (D:3)
  A howler monkey skeleton (D:4)
  6 adders
  3 shadow imps
  An ooze (D:6)
  4 worms
  3 dart slugs
  4 leopard geckos
  34 orcs
  5 bats
  2 giant cockroaches
  8 goblins
  9 hobgoblins
  5 jackals
  4 quokkas
  2 frilled lizards
  3 gnoll skeletons (Ossuary)
  6 gnoll zombies
  A goblin skeleton (Ossuary)
  A goblin zombie (Ossuary)
  2 hobgoblin skeletons (Ossuary)
  3 hobgoblin zombies (Ossuary)
  26 kobolds (D:3)
  A kobold skeleton (Ossuary)
  A kobold zombie (Ossuary)
  An orc skeleton (Ossuary)
  3 orc zombies (Ossuary)
  A quokka skeleton (D:9)
  9 rats
  3 rat skeletons (Ossuary)
  A rat zombie (Ossuary)
263 creatures vanquished.

Vanquished Creatures (collateral kills)
  Josephine (Orc:1)
  A two-headed ogre (Orc:2)
  An ogre mage (Orc:2)
  Sonja (Orc:2)
  7 orc sorcerers
  2 trolls (D:10)
  Grinder (D:6)
  A yak (D:10)
  2 wraiths (Orc:1)
  Menkaure (Ossuary)
  3 wargs (Orc:1)
  A sky beast (D:10)
  3 orc warriors
  A phantom (D:8)
  3 ogres
  2 big kobolds (D:3)
  A bullfrog (D:7)
  3 electric eels (D:11)
  2 wights (D:7)
  A lava snake (D:7)
  6 orc priests
  3 hounds
  9 orc wizards
  A worker ant (D:8)
  A mummy (Ossuary)
  An adder (D:8)
  2 leopard geckos (D:9)
  19 orcs
  A bat (D:3)
  A hobgoblin (D:3)
  15 kobolds (D:3)
  2 quokkas
  A kobold skeleton (Ossuary)
  A kobold zombie (Ossuary)
101 creatures vanquished.

Vanquished Creatures (others)
  A cyclops (D:11)
  An orc warrior (D:11)
  An ancestor (D:8)
  5 hexers
  An orc wizard (Orc:2)
  A mummy (Ossuary)
  An orc (D:11)
  2 gnoll zombies (Ossuary)
  A gnoll skeleton (Ossuary)
  A goblin skeleton (Ossuary)
  A goblin zombie (Ossuary)
  2 hobgoblin skeletons (Ossuary)
  A hobgoblin zombie (Ossuary)
  2 kobold skeletons (Ossuary)
  4 orc skeletons (Ossuary)
  An orc zombie (Ossuary)
  3 rat skeletons (Ossuary)
  6 rat zombies (Ossuary)
35 creatures vanquished.

Grand Total: 399 creatures vanquished

Action                   |  1- 3 |  4- 6 |  7- 9 | 10-12 || total
-------------------------+-------+-------+-------+-------++-------
Melee: Unarmed           |    64 |   145 |   400 |   458 ||  1067
       Headbutt          |     2 |     3 |     5 |       ||    10
       Punch             |     1 |     2 |     3 |     6 ||    12
 Cast: Beastly Appendage |     6 |     4 |     5 |       ||    15
       Spider Form       |       |    11 |    14 |    10 ||    35
       Sticks to Snakes  |       |    11 |    12 |    73 ||    96
       Mephitic Cloud    |       |       |    14 |    62 ||    76
       Blade Hands       |       |       |       |     9 ||     9
       Blink             |       |       |       |     6 ||     6
Invok: Ancestor Life: He |       |       |       |     1 ||     1
       Recall Ancestor   |       |       |       |     7 ||     7
 Abil: Spit Poison       |    39 |    19 |    32 |    16 ||   106
       End Transformatio |       |       |     4 |     4 ||     8
Evoke: Wand              |       |       |       |    21 ||    21
  Use: Scroll            |       |     9 |     4 |    25 ||    38
       Potion            |       |     1 |       |    10 ||    11
 Stab: Confused          |       |       |     8 |    26 ||    34
       Distracted        |       |       |     2 |     4 ||     6
       Betrayed ally     |       |       |       |     1 ||     1
  Eat: Chunk             |     5 |     3 |    17 |    14 ||    39
       Ration            |       |     2 |       |     3 ||     5
Armor: Robe              |    22 |    35 |    62 |    43 ||   162
       Skin              |       |     1 |     3 |       ||     4
       Scale mail        |       |       |       |    80 ||    80
Dodge: Dodged            |    30 |    70 |   243 |   199 ||   542
Block: Other             |       |       |       |    56 ||    56
       Reflection        |       |       |       |     5 ||     5

Vault maps used:
D:1:      eino_arrival_cavern_b
D:2:      fedhas_altar_2, overflow_temple_1_default
D:3:      minmay_goblin_kobold_castle, lemuel_zombie_altar_yredelemnul
D:4:      kennysheep_mini, lemuel_doored_altar, lemuel_coloured_pillars_altar,
          first_ration, nicolae_ossuary_entry_plus
D:5:      minmay_misc_feat_x, water_boxes_lemuel
D:6:      minmay_temple_entry_crystal_x, uniq_grinder
D:7:      cheibriados_altar_1, kennysheep_potato, uniq_crazy_yiuf_cottage
D:8:      minivault_4, uniq_erica
D:9:      nicolae_overflow_crystal_walls, vehumet_crystals, grunt_pizzeria,
          nicolae_dithmenos_shadow_blocks
D:10:     orc_0_dummy, roderic_cross_of_infinity, minmay_fountain_box
D:11:     erik_lair_island
D:12:     serial_co_window_serial, co_window_corner_a, co_window_paths_b,
          co_window_corner_a, co_window_corner_a, co_window_of_opportunity_a,
          co_window_corner_a, co_window_paths_a, co_window_paths_c,
          co_window_of_opportunity_c, co_window_broadway_b,
          co_window_broadway_b, co_window_corner_ca, co_window_of_opportunity_c,
          co_window_corner_cb, co_window_paths_e, bloody_makhleb
Temple:   nicolae_temple_figure_eight
Orc:1:    mines2_david, uniq_josephine
Orc:2:    kennysheep_orc_mage_school, uniq_sonja, uniq_nessos
Ossuary:  ossuary_due_pyramid
